AoeStats
← wilsonso35

Fortress

508869155Analyzed
4v4 RM · 7d ago on Sep 24, 2026· 14m 31s· 8 players
Game mode
Random Map
Map size
Huge
Population
200
Speed
Normal
Resources
Standard
Victory
Conquest
Starting age
Dark Age
Ending age
Imperial Age
RankedLock teamsTeams togetherTeam positionsShared explorationLock speedFull tech treeHidden civsTurbo modeCheats
Victory
Defeat
🇨🇳 Varangians · China
1218
+13
🇨🇳 Saracens · China
1209
+14
🇨🇳 Britons · China
1201
+14
🇭🇰 Khmer · Hong Kong SAR China
1150
+16
🇹🇼 Persians · Taiwan
1172
-15
🇺🇸 Malians · United States
1158
-14
🇧🇪 Saxons · Belgium
1149
-14
🇨🇳 Huns · China
1142
-14
Heretic Prophet
10:45 Feudal Age
12:24 Double-Bit Axe
15:42 Castle Age
Tw/binjiun
8:39 Feudal Age
9:51 Double-Bit Axe
12:48 Castle Age
10:33 Horse Collar
12:17 Wheelbarrow
11:28 Loom
12:02 Stone Mining
13:36 Bow Saw
cihuncihome
3:05 Loom
8:09 Feudal Age
12:12 Castle Age
10:16 Double-Bit Axe
10:44 Horse Collar
Alarich1000
wilsonso35
8:12 Feudal Age
9:50 Wheelbarrow
9:02 Double-Bit Axe
8:59 Horse Collar
9:12 Gold Mining
12:22 Castle Age
13:26 Hand Cart
13:23 Bow Saw
13:15 Heavy Plow
13:57 Town Watch
14:25 Loom
ouujkj
7:45 Feudal Age
11:46 Castle Age
9:38 Double-Bit Axe
9:36 Horse Collar
10:20 Gold Mining
10:46 Loom
11:32 Fletching
12:57 Bow Saw
wuyu
8:03 Feudal Age
12:00 Castle Age
9:55 Double-Bit Axe
9:52 Horse Collar
12:04 Gold Mining
13:00 Wheelbarrow
Doomsday
6:48 Feudal Age
11:24 Castle Age
9:44 Double-Bit Axe
9:57 Horse Collar
Connection lost

Rejoining the realm…

Still unreachable

The connection could not be restored.

Session expired

The server has moved on; the page needs a fresh start.